 Dungeon Crawl Stone Soup version 0.28.0-53-g5a82cb258f (webtiles) character file.

Game seed: 15507189978533836074

80 Zeld the Gusty (level 4, -4/24 HPs)
             Began as a Tengu Air Elementalist on June 14, 2022.
             Slain by a water moccasin skeleton (5 damage)
             ... on level 3 of the Dungeon.
             The game lasted 00:01:39 (2515 turns).

Zeld the Gusty (Tengu Air Elementalist)             Turns: 2515, Time: 00:01:39

Health: -4/24      AC:  2    Str:  8    XL:     4   Next: 39%
Magic:  1/9        EV: 12    Int: 17    God:
Gold:   51         SH:  0    Dex: 15    Spells: 3/9 levels left

rFire   . . .      SeeInvis .   (no weapon)
rCold   . . .      Faith    .   (no shield)
rNeg    . . .      Spirit   .   a - +0 robe
rPois   .          Reflect  .   (helmet restricted)
rElec   .          Harm     .   (no cloak)
rCorr   .          Rampage  .   (no gloves)
Will    .....                   (boots unavailable)
Stlth   ++........              (no amulet)
HPRegen 0.08/turn               (no ring)
MPRegen 0.11/turn               (no ring)

@: no status effects
A: beak, talons 3
a: no special abilities


You were on level 3 of the Dungeon.
You visited 1 branch of the dungeon, and saw 4 of its levels.

You collected 51 gold pieces.

Inventory:

Armour
 a - a +0 robe (worn)
Scrolls
 b - a scroll of blinking {unknown}
 c - 2 scrolls of teleportation {unknown}
 d - 3 scrolls of identify {unknown}
 g - a scroll of enchant armour {unknown}
Potions
 e - a potion of brilliance {unknown}
 f - a potion of haste {unknown}


   Skills:
 - Level 2.1 Dodging
 - Level 2.0 Stealth
 * Level 3.0 Spellcasting
 + Level 2.6 Conjurations
 * Level 5.2 Air Magic


You had 3 spell levels left.
You knew the following spells:

 Your Spells              Type           Power      Damage    Failure   Level
a - Shock                 Conj/Air       64%        1d7       3%          1
b - Static Discharge      Conj/Air       16%        N/A       5%          2
c - Swiftness             Air            20%        N/A       6%          3

Your spell library contained the following spells:

 Spells                   Type           Power      Damage    Failure   Level
 Airstrike                Air            10%        N/A       21%         4


Dungeon Overview and Level Annotations

Branches:
Dungeon (4/15)
 Temple: D:4-7

Altars:
Lugonu

Annotations:
D:3 2 runed translucent doors
D:4 Blork the orc, Menkaure


Innate Abilities, Weirdness & Mutations

You have a beak for a mouth.
You have claws for feet.


Message History

You are struck by an arc of lightning.
The lightning grounds out.
The water moccasin skeleton closely misses you.
Unknown command.
Casting: Static Discharge (safe; 5% risk of failure)
Confirm with . or Enter, or press ? or * to list all spells.
The water moccasin skeleton is struck by an arc of lightning.
The water moccasin skeleton is heavily damaged.
You are struck by an arc of lightning.
The lightning grounds out.
The water moccasin skeleton bites you but does no damage.
The water moccasin skeleton closely misses you.
Casting: Static Discharge (safe; 5% risk of failure)
Confirm with . or Enter, or press ? or * to list all spells.
The water moccasin skeleton is struck by an arc of lightning.
The water moccasin skeleton is severely damaged.
You are struck by an arc of lightning.
The water moccasin skeleton is struck by an arc of lightning.
The water moccasin skeleton is almost destroyed.
The lightning grounds out.
The water moccasin skeleton bites you.
You are too injured to fight recklessly!
Casting: Static Discharge (safe; 5% risk of failure)
Confirm with . or Enter, or press ? or * to list all spells.
Aiming: Shock (safe; 3% risk of failure)
Press: ? - help, Shift-Dir - straight line The zap hits the water moccasin skeleton.
The water moccasin skeleton is almost destroyed.
The zap hits the water moccasin skeleton.
The water moccasin skeleton is almost destroyed.
The water moccasin skeleton bites you.
* * * LOW HITPOINT WARNING * * *
Unknown command.
You barely miss the water moccasin skeleton.
Your kick misses the water moccasin skeleton.
You peck the water moccasin skeleton, but do no damage.
The water moccasin skeleton is almost destroyed.
The water moccasin skeleton bites you.
* * * LOW HITPOINT WARNING * * *
Unknown command.
You aren't carrying any items that you can evoke.
The water moccasin skeleton bites you.
You die...

##### ###Z@.#
#.##...#.######
#....###......#
#...###
######.## #....
#..# ..## .
##.## # #..
#..########
§.K..##.........
§._..K+.########


You could see a water moccasin skeleton.

Vanquished Creatures
  Jessica (D:3)
  2 adders (D:3)
  2 bats
  4 endoplasms
  6 goblins (D:3)
  5 hobgoblins
  4 quokkas
  5 ball pythons
  2 frilled lizards
  A kobold (D:1)
  A rat (D:1)
33 creatures vanquished.

Notes
Turn   | Place    | Note
-------+----------+-------------------------------------------
     0 | D:1      | Zeld the Tengu Air Elementalist began the quest for the
                  | Orb.
     0 | D:1      | Reached XP level 1. HP: 10/10 MP: 4/4
   313 | D:1      | Reached XP level 2. HP: 15/15 MP: 1/6
   316 | D:1      | Learned a level 2 spell: Static Discharge
  1471 | D:3      | Reached XP level 3. HP: 15/19 MP: 3/7
  1746 | D:3      | Learned a level 3 spell: Swiftness
  2014 | D:4      | Noticed Blork the orc
  2016 | D:4      | Noticed Menkaure
  2323 | D:3      | Reached skill level 5 in Air Magic
  2343 | D:3      | Noticed Jessica
  2349 | D:3      | Killed Jessica
  2350 | D:3      | Reached XP level 4. HP: 24/24 MP: 4/9
  2480 | D:3      | Found a large runed translucent door.
  2484 | D:3      | Found a corrupted altar of Lugonu.
  2484 | D:3      | Found a large runed translucent door.
  2512 | D:3      | HP: 1/24 [water moccasin skeleton (6)]
  2515 | D:3      | Slain by a water moccasin skeleton

Illustrated notes

Levels and vault maps discovered:
D:1:      heliophobic_arrival_henge, layout_basic, nrook_mini_backslash
D:2:      layout_basic, uniq_sigmund, uniq_crazy_yiuf_cottage
D:3:      due_chaos_kobolds, layout_basic, kennysheep_jessica_study, uniq_robin
D:4:      layout_cave_pods, eat_drink_and_be_merry_uskayaw, uniq_ijyb,
          uniq_menkaure, uniq_eustachio, uniq_blork_the_orc

Skill      XL: |  1  2  3 |
---------------+----------+-----
Conjurations   | 2 |  2.6
Air Magic      | 5 |  5.2
Spellcasting   | 3 |  3.0
Dodging        | |  2.1
Stealth        | |  2.0

Action                   |  1- 3 |  4- 6 || total
-------------------------+-------+-------++-------
Melee: Unarmed           |    23 |     2 ||    25
       Kick              |     5 |     1 ||     6
       Peck              |     1 |     1 ||     2
 Cast: Shock             |    40 |     7 ||    47
       Static Discharge  |     9 |     4 ||    13
Armor: Robe              |     7 |     1 ||     8
Dodge: Dodged            |    26 |     3 ||    29
